 Dungeon Crawl Stone Soup version 0.28.0-45-g0d030f2227 (webtiles) character file.

Game seed: 2437484974800423631

4 raph the Magician (level 1, -1/14 HPs)
             Began as a Human Hedge Wizard on May 29, 2022.
             Slain by a goblin
             ... wielding a +2 dagger of venom
              (2 damage)
             ... on level 1 of the Dungeon.
             The game lasted 00:00:39 (316 turns).

raph the Magician (Human Hedge Wizard)               Turns: 316, Time: 00:00:40

Health: -1/14      AC:  3    Str:  8    XL:     1   Next: 66%
Magic:  4/4        EV: 11    Int: 14    God:
Gold:   11         SH:  0    Dex: 12    Spells: 5/6 levels left

rFire   . . .      SeeInvis .   a - +0 dagger
rCold   . . .      Faith    .   (no shield)
rNeg    . . .      Spirit   .   e - +0 leather armour
rPois   .          Reflect  .   c - +0 hat
rElec   .          Harm     .   (no cloak)
rCorr   .          Rampage  .   (no gloves)
Will    .....                   (no boots)
Stlth   ++........              (no amulet)
HPRegen 0.04/turn               (no ring)
MPRegen 0.09/turn               (no ring)

@: lethally poisoned (-1 -> -5)
A: robust 1, weak 1
a: no special abilities


You were on level 1 of the Dungeon.
You visited 1 branch of the dungeon, and saw 1 of its levels.

You collected 11 gold pieces.

Inventory:

Hand Weapons
 a - a +0 dagger (weapon)
Armour
 b - a +0 robe
 c - a +0 hat (worn)
 e - a +0 leather armour (worn)
Scrolls
 f - a scroll of fog {unknown}


   Skills:
 + Level 2.0 Dodging
 + Level 2.1 Stealth
 + Level 3.0 Spellcasting
 * Level 1.2 Conjurations
 - Level 1.0 Summonings
 - Level 1.0 Translocations


You had 5 spell levels left.
You knew the following spells:

 Your Spells              Type           Power      Damage    Failure   Level
a - Magic Dart            Conj           20%        1d4       19%         1

Your spell library contained the following spells:

 Spells                   Type           Power      Damage    Failure   Level
 Slow                     Hex            8%         N/A       30%         1
 Blink                    Tloc           8%         N/A       30%         2
 Call Imp                 Summ           4%         N/A       30%         2
 Conjure Flame            Conj/Fire      3%         6-21      58%         3
 Mephitic Cloud           Conj/Pois/Air  3%         N/A       61%         3


Dungeon Overview and Level Annotations

Branches:
Dungeon (1/15)

Altars:


Innate Abilities, Weirdness & Mutations

You are robust. (+10% HP)
You are weak. (Str -2)


Message History

Things that are here:
a +0 dagger; a goblin corpse A bat comes into view.
Aiming: Magic Dart (safe; 19% risk of failure)
Press: ? - help, Q - select action Shift-Dir - straight line, f - bat
Aim: a bat (asleep, 100% to hit)
The magic dart hits the bat.
The bat is moderately wounded.
The bat hits you but does no damage.
Aiming: Magic Dart (safe; 19% risk of failure)
Press: ? - help, Q - select action Shift-Dir - straight line, f/p - bat
Aim: a bat (moderately wounded, 100% to hit)
The magic dart hits the bat.
The bat is heavily wounded.
The bat closely misses you. The bat misses you.
Aiming: Magic Dart (safe; 19% risk of failure)
Press: ? - help, Q - select action Shift-Dir - straight line, f/p - bat
Aim: a bat (heavily wounded, 100% to hit)
The magic dart hits the bat.
You kill the bat!
You start resting.
Magic restored.
Found 11 stones.
Found an escape hatch in the floor.
Found a spear.
f - a scroll labelled WULUFO GORUIV A goblin comes into view.
It is wielding a +2 dagger of venom.
The goblin shouts!
The goblin moves out of view.
A goblin is nearby!
The goblin hits you with a +2 dagger of venom.
You are poisoned.
You feel sick.
The goblin hits you with a +2 dagger of venom.
* * * LOW HITPOINT WARNING * * *
It was a potion of mutation.
You feel extremely strange.
You feel weaker.
You feel stupid.
You feel clever.
You feel robust.
* * * LOW HITPOINT WARNING * * *
You feel sick.
The goblin hits you with a +2 dagger of venom.
You die...

#+# ####.####
#.......#
#.##.##.#
##.##.##.#
#...
###...#.##.#
....
.......##.#
... #...#.##.#
#g##.##.# .#
#.@.....# .#
####.#### ##
#+# #.# #.#
#######.# #.#
#.......#
##.##
#.#######
####...##
#.......#
#.###..#####.#


You could see a goblin.

Vanquished Creatures
  A bat (D:1)
  A giant cockroach (D:1)
  A goblin (D:1)
3 creatures vanquished.

Notes
Turn   | Place    | Note
-------+----------+-------------------------------------------
     0 | D:1      | raph the Human Hedge Wizard began the quest for the Orb.
     0 | D:1      | Reached XP level 1. HP: 13/13 MP: 4/4
   316 | D:1      | Gained mutation: You are weak. (Str -2) [potion of
                  | mutation]
   316 | D:1      | Gained mutation: You are dopey. (Int -2) [potion of
                  | mutation]
   316 | D:1      | Lost mutation: You are dopey. (Int -2) [potion of mutation]
   316 | D:1      | Gained mutation: You are robust. (+10% HP) [potion of
                  | mutation]
   316 | D:1      | Slain by a goblin

Illustrated notes

Levels and vault maps discovered:
D:1:      dpeg_arrival_rooms_with_view, layout_loops_corners,
          minmay_misc_feat_square

Action                   || total
-------------------------++-------
Melee: Dagger            ||     1
 Cast: Magic Dart        ||     5
  Use: Potion            ||     1
 Stab: Sleeping          ||     1
Armor: Leather armour    ||     1
Dodge: Dodged            ||     2
